 Dungeon Crawl Stone Soup version 0.20-a0-450-g4cf9236 (webtiles) character file.

604 LORDOFBUTT the Shield-Bearer (level 7, -9/56 HPs)
             Began as a Formicid Fighter on Dec 19, 2016.
             Was a Follower of Ieoh Jian.
             Killed by divine providence
             ... invoked by an orc priest
              (14 damage)
             ... on level 4 of the Dungeon.
             The game lasted 00:03:31 (2500 turns).

LORDOFBUTT the Shield-Bearer (Formicid Fighter)     Turns: 2500, Time: 00:03:32

Health: -9/56      AC: 10    Str: 20    XL:     7   Next: 70%
Magic:  7/7        EV:  8    Int:  8    God:    Ieoh Jian [*.....]
Gold:   272        SH: 10    Dex: 12    Spells: 6/6 levels left

rFire  . . .     SeeInvis +     a - +2 long sword
rCold  . . .     Gourm    .     e - +0 scale mail (curse)
rNeg   . . .     Faith    .     c - +0 shield
rPois  .         Spirit   .     (helmet unavailable)
rElec  .         Reflect  .     (no cloak)
rCorr  .         Harm     .     h - +2 pair of gloves
MR     .....                    (no boots)
Stlth  ..........               (no amulet)
                                (no ring)
                                (no ring)

@: being watched over by the Council
A: permanent stasis, dig shafts and tunnels, four strong arms, antennae 3
a: Dig, Shaft Self, Renounce Religion, Steal And Renounce


You were on level 4 of the Dungeon.
You worshipped Ieoh Jian.
Ieoh Jian was aware of your devotion.
You were not hungry.

You visited 1 branch of the dungeon, and saw 4 of its levels.

You collected 272 gold pieces.

Inventory:

Hand Weapons
 a - a +2 long sword (weapon)
Armour
 b - a +0 scale mail
 c - a +0 shield (worn)
 e - a cursed +0 scale mail (worn)
 h - a +2 pair of gloves (worn)
Jewellery
 s - a +3 ring of strength {unknown}
 t - an uncursed amulet of regeneration {unknown}
Scrolls
 j - 2 scrolls of recharging {unknown}
 k - a scroll of teleportation {unknown}
 m - 3 scrolls of identify {unknown}
 o - 2 scrolls of enchant armour {unknown}
 v - a scroll of remove curse {unknown}
Potions
 d - a potion of might
 g - a potion of agility {unknown}
 i - 2 potions of ambrosia {unknown}
 l - a potion of invisibility {unknown}
 p - 2 potions of brilliance {unknown}
 q - 2 potions of flight {unknown}
 r - a potion of heal wounds {unknown}
 u - a potion of curing {unknown}
Comestibles
 f - 3 bread rations
 n - a meat ration


   Skills:
 + Level 5.3 Fighting
 + Level 4.2 Axes
 + Level 5.2 Armour
 + Level 6.1 Shields


You had 6 spell levels left.
You didn't know any spells.

Dungeon Overview and Level Annotations

Branches:
Dungeon (4/15)
 Temple: D:4-7

Altars:
Elyvilon
Fedhas
Gozag Ieoh Jian
Yredelemnul
The Shining One


Innate Abilities, Weirdness & Mutations

You cannot be hasted, slowed, berserked, paralysed or teleported.
You can dig through walls and to a lower floor.
Your four strong arms can wield two-handed weapons with a shield.
You have a pair of large antennae on your head. (SInv)


Message History

The orc priest is severely wounded.
The orc closely misses you. You block the orc priest's attack.
You hit the orc priest but do no damage.
The orc priest is severely wounded.
You block the orc's attack.
The orc priest hits you but does no damage.
The orc barely misses you.
You riposte.
You slash the orc!
You kill the orc!
Sifu Cai Fang accepts your kill.
You barely miss the orc priest.
The orc priest is severely wounded.
The orc priest barely misses you.
You hit the orc priest.
The orc priest is almost dead.
You block the orc priest's attack.
You closely miss the orc priest.
The orc priest is severely wounded.
The orc priest calls down the wrath of Beogh upon you.
Beogh smites you!
You die...

.......#.####.#######
##..##.#......#
.<.....#..##..#
....<.....##..#
.......##.##..#####
.#.#..............#
##.....########$$$#
###...#### #${$#
#.......#####{@o#
##########...{#).....#
####.##$....# #8. #.#
#.#?## #. #.# .# # _
#.# # ..# { #.# ...


You could see an orc priest and 3 friendly +1 whips.

Vanquished Creatures
  Sigmund (D:2)
  Duvessa (D:4)
  Dowan (D:4)
  2 orc priests
  An orc wizard (D:3)
  Jessica (D:3)
  Ijyb (D:3)
  Terence (D:3)
  7 adders
  An ooze (D:1)
  A worm (D:3)
  2 dart slugs
  A leopard gecko (D:1)
  4 orcs
  6 bats
  4 giant cockroaches
  9 goblins
  7 hobgoblins
  A quokka (D:3)
  2 ball pythons
  2 frilled lizards (D:2)
  6 kobolds
  13 rats
75 creatures vanquished.

Vanquished Creatures (others)
  11 flying weapons
11 creatures vanquished.

Grand Total: 86 creatures vanquished

Notes
Turn   | Place    | Note
-------+----------+-------------------------------------------
     0 | D:1      | LORDOFBUTT the Formicid Fighter began the quest for the Orb.
     0 | D:1      | Reached XP level 1. HP: 18/18 MP: 1/1
    89 | D:1      | Reached XP level 2. HP: 24/24 MP: 2/2
   248 | D:1      | Reached XP level 3. HP: 29/29 MP: 3/3
   425 | D:1      | Reached skill level 4 in Shields
   763 | D:2      | Reached XP level 4. HP: 18/37 MP: 4/4
   974 | D:2      | Found an ornate altar of the Ieoh Jian Council.
   991 | D:2      | Became a worshipper of The Ieoh Jian Council
  1176 | D:2      | Noticed Sigmund
  1189 | D:2      | Killed Sigmund
  1189 | D:2      | Reached skill level 5 in Shields
  1189 | D:2      | Reached XP level 5. HP: 28/43 MP: 5/5
  1189 | D:2      | Reached XP level 6. HP: 31/49 MP: 6/6
  1300 | D:3      | Noticed Ijyb
  1313 | D:3      | Killed Ijyb
  1399 | D:3      | Reached * piety under Ieoh Jian
  1577 | D:3      | Noticed Jessica
  1578 | D:3      | Found a faded altar of an unknown god.
  1602 | D:3      | Killed Jessica
  1639 | D:3      | Reached XP level 7. HP: 16/55 MP: 7/7
  2067 | D:3      | Noticed Terence
  2077 | D:3      | Killed Terence
  2077 | D:3      | Reached skill level 5 in Fighting
  2187 | D:3      | Found a glowing golden altar of the Shining One.
  2251 | D:3      | Found a basalt altar of Yredelemnul.
  2308 | D:3      | Found a white marble altar of Elyvilon.
  2373 | D:4      | Found a blossoming altar of Fedhas.
  2452 | D:4      | Found an opulent altar of Gozag.
  2453 | D:4      | Noticed Dowan
  2454 | D:4      | Noticed Duvessa
  2466 | D:4      | Killed Duvessa
  2466 | D:4      | Reached skill level 5 in Armour
  2470 | D:4      | Reached skill level 6 in Shields
  2480 | D:4      | Killed Dowan
  2500 | D:4      | Killed from afar by an orc priest

Vault maps used:
D:1:      dpeg_arrival_rooms_b
D:2:      old_standard_altar, uniq_sigmund
D:3:      nicolae_tso_swordbearing_angel, kennysheep_ying_yang, first_bread,
          chequers_ecumenical_altar_simple, minmay_misc_feat_enclosed,
          uniq_iyjb, uniq_terence, uniq_jessica
D:4:      nicolae_gozag_seed_capital, nicolae_overflow_hidden_temple,
          serial_co_window_serial, co_window_corner_a, co_window_corner_a,
          co_window_corner_a, co_window_paths_b, co_window_corner_a,
          co_window_of_opportunity_c, co_window_2corner,
          co_window_unsneaky_path_a, glass_columns_a, uniq_menkaure,
          uniq_duvessa, uniq_pikel, uniq_crazy_yiuf_cottage

Skill      XL: |  1  2  3  4  5  6  7 |
---------------+----------------------+-----
Shields        | 4 5 6 |  6.1
Fighting       | 4 5 |  5.3
Axes           | 3 4 |  4.2
Armour         | 4 5 |  5.2

Action                   |  1- 3 |  4- 6 |  7- 9 || total
-------------------------+-------+-------+-------++-------
Melee: War axe           |   111 |    65 |    34 ||   210
       Unarmed           |       |     5 |       ||     5
       Dagger            |       |    60 |       ||    60
       Hand axe          |       |     7 |    14 ||    21
       Long sword        |       |       |    31 ||    31
       Scythe            |       |       |     2 ||     2
  Eat: Chunk             |       |     3 |     1 ||     4
       Beef jerky        |       |       |     2 ||     2
Armor: Scale mail        |    67 |    43 |    26 ||   136
Dodge: Dodged            |    37 |    56 |    24 ||   117
Block: Shield            |    65 |    51 |    30 ||   146
       Rpst.: Long sword |       |       |     4 ||     4
